 Dungeon Crawl Stone Soup version 0.23.1 (webtiles) character file.

Game seed: 2762806029109834504

46 Borgoz the Skirmisher (level 3, -1/33 HPs)
             Began as a Ghoul Monk on Mar 8, 2019.
             Shot with an arrow by a centaur (6 damage)
             ... on level 2 of the Dungeon.
             The game lasted 00:01:24 (1134 turns).

Borgoz the Skirmisher (Ghoul Monk)                  Turns: 1134, Time: 00:01:25

Health: -1/33      AC:  2    Str: 14    XL:     3   Next: 68%
Magic:  2/2        EV: 13    Int:  6    God:
Gold:   39         SH:  0    Dex: 11    Spells: 2/2 levels left

rFire    . . .     SeeInvis .     - Unarmed
rCold    + . .     Gourm    .   (no shield)
rNeg     + + +     Faith    .   a - +0 robe
rPois    ∞         Spirit   .   (no helmet)
rElec    .         Reflect  .   (no cloak)
rCorr    .         Harm     .   (no gloves)
MR       .....                  (no boots)
Stlth    ++........             (no amulet)
HPRegen  0.00/turn              (no ring)
MPRegen  0.08/turn              (no ring)

@: rotting
A: rotting body, claws 1, carnivore, cold resistance 1, negative energy
resistance 3, inhibited regeneration, torment resistance, unbreathing
a: no special abilities


You were on level 2 of the Dungeon.
You were not hungry.

You visited 1 branch of the dungeon, and saw 2 of its levels.

You collected 39 gold pieces.

Inventory:

Armour
 a - a +0 robe (worn)
Jewellery
 h - a +3 ring of strength {unknown}
Scrolls
 e - a scroll of identify {unknown}
 f - a scroll of fog {unknown}
 g - a scroll of remove curse {unknown}
 i - a scroll of enchant armour {unknown}
Potions
 c - 2 potions of heal wounds {unknown}
 d - a potion of agility {unknown}
Comestibles
 b - a ration
 j - 2 chunks of flesh


   Skills:
 + Level 3.8 Fighting
 + Level 1.2 Armour
 + Level 3.1 Dodging
 - Level 2.1 Stealth
 + Level 3.7 Unarmed Combat


You had 2 spell levels left.
You didn't know any spells.
Your spell library was empty.

Dungeon Overview and Level Annotations

Branches:
Dungeon (2/15)

Altars:
Uskayaw


Innate Abilities, Weirdness & Mutations

Your body is rotting away.
You thrive on raw meat.
You are immune to poison.
You have sharp fingernails.
You are carnivorous and can eat meat at any time.
Your flesh is cold resistant. (rC+)
You are immune to negative energy. (rN+++)
You do not regenerate when monsters are visible.
You are immune to unholy pain and torment.
You can survive without breathing.


Message History

Found a large shield and 9 gold pieces.
A centaur comes into view. It is wielding a +0 trident.
The hobgoblin shouts!
You hear a shout! x2
The centaur unwields a +0 trident.
The centaur wields a cursed +0 shortbow.
The centaur shoots an arrow.
The arrow barely misses you.
A goblin comes into view. It is wielding a +0 club.
The centaur shoots an arrow.
The arrow closely misses you.
A goblin comes into view.
You see here 2 arrows.
The centaur shoots an arrow.
The arrow hits you!
You see here an arrow.
The centaur shoots an arrow.
The arrow hits you.
* * * LOW HITPOINT WARNING * * *
You see here an arrow.
The centaur shoots an arrow.
The arrow hits you.
* * * LOW HITPOINT WARNING * * *
You see here an arrow.
The centaur shoots an arrow.
The arrow hits you.
You die...

.#.# ...?..##.#.#....# .#.####
......##.#.#.... ... .#....#
.....##.#..c.###... .####.#
#........8..._.[.8
.####.########............)%...
............(#...†....8....(..8
############.#.................
#÷#..?.....8...(...8
#))..@(.g(.((.......
......(.......g.......<...
......##..................
...... ##.####.#.........#
..... #.. #.#........## .....
#..# #.#........# #### #...
$.#...g....# ..#.#..#........#


You could see a centaur, a hobgoblin and a goblin.

Vanquished Creatures
  An adder (D:2)
  A worm (D:2)
  3 bats
  3 giant cockroaches (D:1)
  4 goblins
  A hobgoblin (D:1)
  7 jackals
  4 kobolds
  4 frilled lizards
  4 rats
32 creatures vanquished.

Notes
Turn   | Place    | Note
-------+----------+-------------------------------------------
     0 | D:1      | Borgoz the Ghoul Monk began the quest for the Orb.
     0 | D:1      | Reached XP level 1. HP: 19/19 MP: 0/0
   190 | D:1      | Reached XP level 2. HP: 22/26 MP: 1/1
  1044 | D:2      | Reached skill level 1 in Armour
  1044 | D:2      | Reached XP level 3. HP: 28/30 MP: 2/2
  1122 | D:2      | Found a hide-covered altar of Uskayaw.
  1126 | D:2      | Noticed a centaur
  1134 | D:2      | Shot with an arrow by a centaur

Skill      XL: |  1  2  3 |
---------------+----------+-----
Armour         | 1 |  1.2
Dodging        | 3 |  3.1
Fighting       | |  3.8
Stealth        | |  2.1
Unarmed Combat | |  3.7

Action                   || total
-------------------------++-------
Melee: Unarmed           ||   120
       Punch             ||     2
 Stab: Sleeping          ||     1
  Eat: Chunk             ||     7
Armor: Robe              ||    14
Dodge: Dodged            ||    79
